Cogmind - Beta 12 @@@ ROGUE MODE // 2023.04.06 @ 23:06:11 Player: kasaphescent Result: Destroyed by X4-9KX(M) with Barrage Gun Performance ------------- Evolutions (4) 2000 Regions Visited (14) 2800 Robots Destroyed (65) 325 Value Destroyed (1597) 1597 Prototype IDs (33) 660 Alien Tech Used (0) 0 Bonus (513) 513 TOTAL SCORE: 7895 Bonus ------- Follower Combat Kills 121 Aligned with FarCom 300 Met Data Miner 300 Met Imprinter 300 Friendly Fire -508 Cogmind --------- Core Integrity 0/850 Matter 93/300 Energy 100/100 System Corruption 26% Temperature Cool (35) Movement Treading (160) Location -6/Zion Parts ------- > --- POWER (2) -------- (None) > --- PROPULSION (3) --- Improved Medium Treads Titanium Leg Makeshift Leg > --- UTILITY (8) ------ Makeshift Salvage Targeting Computer Thief Drone Bay (1/3) > --- WEAPON (2) ------- Phase Cannon > --- INVENTORY (5) ---- Light Angular Momentum Engine Makeshift Leg Shock Rifle Peak State ------------ > --- POWER ------------ Angular Momentum Engine Angular Momentum Engine > --- PROPULSION ------- Improved Medium Treads Armored Huge Wheel > --- UTILITY ---------- Advanced Heat Sink Large Storage Unit Advanced Terrain Scan Processor Makeshift Salvage Targeting Computer Advanced Targeting Computer Advanced Targeting Computer Improved Medium Armor Plating Medium Reactive Plating > --- WEAPON ----------- Coil Gun Slug Cannon > --- INVENTORY -------- Angular Momentum Engine Fission Core Light Fission Core Titanium Leg Titanium Leg Titanium Leg Improved Titanium Leg Superbattery High-capacity Matter Pod Thief Drone Bay Shock Rifle Gauss Rifle Proton Missile Launcher Rocket Launcher Ripper [Rating: 66] Favorites ----------- Power Angular Momentum Engine Engine Angular Momentum Engine Propulsion Aluminum Leg Treads Improved Medium Treads Leg Aluminum Leg Wheel Armored Huge Wheel Utility Large Storage Unit Device Advanced Heat Sink Storage Large Storage Unit Processor Advanced Targeting Computer Protection Improved Medium Armor Plating Weapon Medium Laser Energy Gun Medium Laser Energy Cannon Phase Cannon Ballistic Gun Flak Gun Ballistic Cannon Slug Cannon Launcher Proton Missile Launcher Slashing Weapon Great Axe Build | -11 -10 -10 -10 -9 -8 -7 -7 -7 -7 -6 -6 -6 -6 -6 ------- Run | Jun Mat Min Exi Min Mat Fac Low Low Dat Pro Fac Low Low Zio Slots Evolved 8 | . . . . . 4 2 . . . . 2 . . . Power 1 | . . . . . . . . . . . 1 . . . Propulsion 1 | . . . . . 1 . . . . . . . . . Utility 6 | . . . . . 3 2 . . . . 1 . . . Weapon . | . . . . . . . . . . . . . . . Parts Attached 85 | 6 5 1 1 2 6 9 5 2 2 2 4 2 8 30 Power 10 | 1 . . 1 . 1 . 1 . . . 2 . 1 3 Engine 10 | 1 . . 1 . 1 . 1 . . . 2 . 1 3 Core . | . . . . . . . . . . . . . . . Reactor . | . . . . . . . . . . . . . . . Propulsion 20 | 2 1 . . 2 1 4 1 . . . . . 1 8 Treads 2 | . . . . . . . . . . . . . 1 1 Leg 16 | 2 1 . . 2 1 4 . . . . . . . 6 Wheel 2 | . . . . . . . 1 . . . . . . 1 Hover . | . . . . . . . . . . . . . . . Flight . | . . . . . . . . . . . . . . . Utility 28 | 1 2 1 . . 4 4 2 1 . 2 2 . 3 6 Device 8 | . . . . . 2 2 . . . 1 1 . . 2 Storage 4 | 1 1 . . . 1 . . . . . . . . 1 Processor 8 | . 1 1 . . . 1 2 1 . . . . 1 1 Hackware . | . . . . . . . . . . . . . . . Protection 8 | . . . . . 1 1 . . . 1 1 . 2 2 Artifact . | . . . . . . . . . . . . . . . Weapon 27 | 2 2 . . . . 1 1 1 2 . . 2 3 13 Energy Gun 2 | 1 1 . . . . . . . . . . . . . Energy Cannon 2 | . . . . . . . . . . . . . . 2 Ballistic Gun 9 | 1 1 . . . . . 1 . 1 . . . 2 3 Ballistic Cannon 8 | . . . . . . 1 . 1 1 . . 1 1 3 Launcher 4 | . . . . . . . . . . . . 1 . 3 Special Weapon . | . . . . . . . . . . . . . . . Impact Weapon . | . . . . . . . . . . . . . . . Slashing Weapon 2 | . . . . . . . . . . . . . . 2 Piercing Weapon . | . . . . . . . . . . . . . . . Special Melee Weapon . | . . . . . . . . . . . . . . . Unidentified Prototypes 1 | . . . . . 1 . . . . . . . . . Parts Lost 28 | . 1 1 . . . 1 2 . . . . . 2 21 Power 4 | . . 1 . . . . . . . . . . . 3 Propulsion 6 | . . . . . . 1 . . . . . . . 5 Utility 10 | . . . . . . . 1 . . . . . 2 7 Weapon 8 | . 1 . . . . . 1 . . . . . . 6 Highest Loss Streak 12 | . 1 1 . . . 1 1 . . . . . 2 12 To Critical Strikes . | . . . . . . . . . . . . . . . Average Slot Usage (%) 90 | . 98 92 98 100 83 90 96 91 78 92 85 93 89 84 Engine 9 | . 14 6 12 14 9 7 7 7 7 7 11 13 13 11 Treads 1 | . . . . . . . . . . . . . 2 5 Leg 14 | . 27 28 28 28 24 22 19 7 7 7 6 6 3 1 Wheel 3 | . . . . . . . 1 7 7 7 6 6 6 5 Device 5 | . . . . . 4 11 13 7 7 7 6 6 6 5 Storage 8 | . 14 14 14 14 9 7 7 7 7 7 6 6 6 5 Processor 18 | . 13 14 14 14 9 10 15 22 23 23 20 20 24 24 Protection 10 | . . . . . 8 13 15 15 15 15 14 20 11 10 Energy Gun 8 | . 18 28 28 28 18 9 2 . . . . . . . Ballistic Gun 3 | . 8 . . . . . 4 7 1 7 6 6 5 4 Ballistic Cannon 4 | . . . . . . 4 7 7 1 7 6 6 6 4 Naked Turns . | . . . . . . . . . . . . . . . Heaviest Build 86 | 12 27 27 27 27 35 49 53 52 52 54 78 78 86 86 Greatest Support 54 | 20 20 20 20 20 40 54 51 28 28 28 28 28 28 54 Greatest Overweight (x) 3 | . 1 1 1 1 1 1 1 1 1 1 2 2 3 3 Average Overweight (x) 1 | . . 1 1 1 . . . 1 1 1 1 2 2 2 Largest Inventory Capacity 15 | 8 15 15 15 15 15 15 15 15 15 15 15 15 15 15 Average Capacity 14 | 6 13 15 15 15 15 15 15 15 15 15 15 15 15 14 Most Carried 15 | 6 11 13 15 15 15 15 15 15 15 15 15 15 15 15 Average Carried 13 | 2 7 11 14 14 14 14 14 14 15 15 14 15 14 13 Final Capacity 15 | 8 15 15 15 15 15 15 15 15 15 15 15 15 15 5 Final Carried 15 | 6 11 13 15 14 15 15 15 15 15 15 15 15 15 3 Class Distribution -------------------- 49% | Derelict-Mutant 38% | Mutant 6% | Scavenger-Skirmisher 4% | Skirmisher Dominant Class ---------------- Mutant | -10/Materials Mutant | -10/Mines Mutant | -10/Exiles Mutant | -9/Mines Scavenger-Skirmisher | -8/Materials Scavenger-Skirmisher | -7/Factory Mutant | -7/Lower Caves Derelict-Mutant | -7/Lower Caves Derelict-Mutant | -7/Data Miner Derelict-Mutant | -6/Proximity Caves Derelict-Mutant | -6/Factory Derelict-Mutant | -6/Lower Caves Derelict-Mutant | -6/Lower Caves Derelict-Mutant | -6/Zion Resources | -11 -10 -10 -10 -9 -8 -7 -7 -7 -7 -6 -6 -6 -6 -6 ----------- Run | Jun Mat Min Exi Min Mat Fac Low Low Dat Pro Fac Low Low Zio Matter Collected 1686 | 204 240 59 20 . 80 88 297 31 . 71 139 31 180 246 Remotely . | . . . . . . . . . . . . . . . Salvage Created 1936 | . 349 92 . . 105 191 248 42 . 21 88 49 28 723 Parts 115 | . 21 1 . . 3 4 9 3 . . 9 2 3 60 Haulers Intercepted 1 | . 1 . . . . . . . . . . . . . Recyclers Shooed 1 | . . . . . 1 . . . . . . . . . Parts Field Recycled . | . . . . . . . . . . . . . . . Retrieved Matter . | . . . . . . . . . . . . . . . Parts Self-Destructed 24 | . . . . . . . 12 2 . 6 . . 4 . Prevented 6 | . . . . . . . 5 . . . . . 1 . Kills | -11 -10 -10 -10 -9 -8 -7 -7 -7 -7 -6 -6 -6 -6 -6 ------- Run | Jun Mat Min Exi Min Mat Fac Low Low Dat Pro Fac Low Low Zio Combat Hostiles Destroyed 38 | . 10 2 . . 1 4 6 1 . 1 4 4 3 2 Guns 19 | . 10 1 . . 1 1 4 . . . . . 2 . Cannons 12 | . . . . . . 2 2 1 . 1 4 . 1 1 AOE 5 | . . . . . . . . . . . . 4 . 1 Classes Destroyed 13 | . 4 . . . 2 3 2 . . . 1 . . 1 Worker 1 | . . . . . . 1 . . . . . . . . Tunneler 1 | . . . . . . . . . . . 1 . . . Hauler 1 | . 1 . . . . . . . . . . . . . Recycler 1 | . . . . . 1 . . . . . . . . . Watcher 1 | . 1 . . . . . . . . . . . . . Swarmer 18 | . 6 . . . 1 . . . . 1 3 4 3 . Grunt 10 | . 4 2 . . . 1 3 . . . . . . . Brawler 1 | . . . . . . . 1 . . . . . . . Duelist 1 | . . . . . . . 1 . . . . . . . Sentry 3 | . . . . . . 1 1 . . . 1 . . . Programmer 3 | . . . . . . 2 . 1 . . . . . . Zionite 26 | . . . . . 1 . . . . . . . . 25 Mutant 3 | . . . . . . . . . . . . . . 3 Best Kill Streak 14 | . 5 2 . . 1 1 3 1 . 1 5 4 3 14 Combat Bots Only 5 | . 5 2 . . 1 1 3 1 . 1 4 4 3 1 Max Kills in Single Turn 7 | . 1 1 . . 1 1 1 1 . 1 2 2 1 7 Gunslinging . | . . . . . . . . . . . . . . . Exploded 2 | . . . . . . . . . . . . 2 . 1 Melee . | . . . . . . . . . . . . . . . Uniques/NPCs Destroyed . | . . . . . . . . . . . . . . . Combat | -11 -10 -10 -10 -9 -8 -7 -7 -7 -7 -6 -6 -6 -6 -6 -------- Run | Jun Mat Min Exi Min Mat Fac Low Low Dat Pro Fac Low Low Zio Damage Taken 5907 | . 360 123 . . 90 356 368 14 . . 382 93 328 3793 Core 1086 | . 83 40 . . 15 16 80 . . . 42 13 45 752 Absorbed by Shields . | . . . . . . . . . . . . . . . Regen/Repaired (Parts) 538 | . . . . . . . . . . . . . . 538 Core Remaining (%) 83 | 100 . . . 50 97 . . . . 86 . . . . Volleys Fired 150 | . 31 7 . . 9 26 12 1 . 2 9 2 9 42 Largest 2 | . 2 2 . . 2 2 2 2 . 2 2 1 2 2 Hottest 100 | . 100 100 . . 100 100 98 76 . 76 76 33 76 85 Shots Fired 258 | . 62 14 . . 18 44 23 2 . 4 18 2 18 53 Gun 174 | . 62 14 . . 18 26 12 1 . 2 9 . 9 21 Cannon 71 | . . . . . . 18 11 1 . 2 9 . 9 21 Launcher 13 | . . . . . . . . . . . . 2 . 11 Special . | . . . . . . . . . . . . . . . Kinetic 136 | . 19 . . . . 18 22 2 . 4 18 . 18 35 Thermal 109 | . 43 14 . . 18 26 1 . . . . . . 7 Explosive 4 | . . . . . . . . . . . . 2 . 2 Electromagnetic 9 | . . . . . . . . . . . . . . 9 Robot Hit Streak 21 | . 13 10 . . 5 21 6 5 . 2 7 6 8 8 Robot Miss Streak 6 | . 2 2 . . 2 1 3 1 . 3 5 . 6 5 Penetration Max 1 | . . . . . . . . . . . . . . 1 Secondary Targets 1 | . 1 . . . . . . . . . . . . . Max Gunslinging Chain 1 | . 1 . . . . . . . . . . . . . Shots Hit Robots 194 | . 45 11 . . 12 29 18 2 . 4 16 2 11 44 Core Hits 128 | . 18 4 . . 5 10 20 1 . 1 12 4 11 42 Critical Kills 2 | . . . . . . . . . . . 1 . . 1 Critical Parts Destroyed 1 | . . . . . . . . . . . . . . 1 Critical Strikes 17 | . 2 4 . . . 7 . . . . 1 . . 3 Burn 9 | . 2 4 . . . 3 . . . . . . . . Destroy 3 | . . . . . . . . . . . 1 . . 2 Blast 4 | . . . . . . 4 . . . . . . . . Sever 1 | . . . . . . . . . . . . . . 1 Melee Attacks 4 | . . . . . . . . . . . . . . 4 Impact . | . . . . . . . . . . . . . . . Slashing 4 | . . . . . . . . . . . . . . 4 Piercing . | . . . . . . . . . . . . . . . Sneak Attacks . | . . . . . . . . . . . . . . . Combat Hostiles . | . . . . . . . . . . . . . . . Follow-up Attacks . | . . . . . . . . . . . . . . . Damage Inflicted 5324 | . 574 137 . . 186 548 378 31 . 65 373 337 218 2477 Guns 2069 | . 574 137 . . 186 288 209 . . 11 145 . 131 388 Cannons 1300 | . . . . . . 260 169 31 . 54 228 . 87 471 Explosions 1882 | . . . . . . . . . . . . 337 . 1545 Melee 73 | . . . . . . . . . . . . . . 73 Ramming . | . . . . . . . . . . . . . . . Kinetic 2132 | . 145 . . . . 260 365 31 . 65 373 . 218 675 Thermal 1936 | . 429 137 . . 186 288 13 . . . . . . 883 Explosive 464 | . . . . . . . . . . . . 337 . 127 Electromagnetic 719 | . . . . . . . . . . . . . . 719 Impact . | . . . . . . . . . . . . . . . Slashing 73 | . . . . . . . . . . . . . . 73 Piercing . | . . . . . . . . . . . . . . . Highest Corruption 26 | . . . . . . 2 2 2 2 2 . . . 26 Average Corruption 3 | . . . . . . 2 2 2 2 2 . . . 20 Corruption Purged . | . . . . . . . . . . . . . . . Corruption Blocked . | . . . . . . . . . . . . . . . Effects 40 | . . . . . . 3 10 8 2 5 . . . 12 Message Errors 18 | . . . . . . 1 4 5 1 2 . . . 5 Matter Fused 7 | . . . . . . 1 3 . . 1 . . . 2 Heat Flow Errors 6 | . . . . . . 1 2 . . 2 . . . 1 Energy Discharges 4 | . . . . . . . 1 2 1 . . . . . Data Loss (minor) 3 | . . . . . . . . 1 . . . . . 2 Data Loss (major) 1 | . . . . . . . . . . . . . . 1 Misdirections 1 | . . . . . . . . . . . . . . 1 Overload Shots . | . . . . . . . . . . . . . . . Overflow Damage 151 | . . . . . . 14 . . . . . 38 . 99 Projectiles 58 | . . . . . . 14 . . . . . . . 44 Explosions 93 | . . . . . . . . . . . . 38 . 55 Melee . | . . . . . . . . . . . . . . . Knockbacks 12 | . . . . . . 4 3 . . 1 . . 2 2 Impact . | . . . . . . . . . . . . . . . Kinetic 11 | . . . . . . 4 2 . . 1 . . 2 2 Secondary 1 | . . . . . . . 1 . . . . . . . Self-Inflicted Damage 37 | . . . . . . . . . . . . . . 37 Shots 3 | . . . . . . . . . . . . . . 3 Rammed . | . . . . . . . . . . . . . . . Targets Rammed 1 | . 1 . . . . . . . . . . . . . Kicked 1 | . 1 . . . . . . . . . . . . . Crushed . | . . . . . . . . . . . . . . . Highest Temperature 327 | . 202 327 . . 177 210 175 . . 99 24 . . 254 Average Temperature 73 | . 71 169 . . 66 81 54 . . 62 11 . . 37 Received Heat Transfer 1173 | . 123 69 . . 36 75 138 . . . 66 . . 666 Effects 3 | . . 3 . . . . . . . . . . . . Interference 3 | . . 3 . . . . . . . . . . . . Siege Activations . | . . . . . . . . . . . . . . . Robots Corrupted . | . . . . . . . . . . . . . . . Combat Hostiles . | . . . . . . . . . . . . . . . Parts Fried 2 | . . . . . . . . . . . . . . 2 Impact Corruptions . | . . . . . . . . . . . . . . . Robots Melted 2 | . . 1 . . . 1 . . . . . . . . Combat Hostiles 2 | . . 1 . . . 1 . . . . . . . . Parts Melted 14 | . 4 3 . . . 5 . . . . . . . 2 Heat Transferred 4609 | . 1406 703 . . 555 1036 37 . . . . . . 872 Parts Sabotaged . | . . . . . . . . . . . . . . . Parts Stolen . | . . . . . . . . . . . . . . . Parts Stripped . | . . . . . . . . . . . . . . . Power Chain Reactions 7 | . . . . . . . . . . . . . . 7 Missiles Intercepted . | . . . . . . . . . . . . . . . Alert | -11 -10 -10 -10 -9 -8 -7 -7 -7 -7 -6 -6 -6 -6 -6 ------- Run | Jun Mat Min Exi Min Mat Fac Low Low Dat Pro Fac Low Low Zio Peak Influence 296 | . 296 92 . . 141 147 . . . . 127 . . . Initial 61 | . . 37 . . . 61 . . . . . . . . Average 60 | . 123 32 . . 115 48 . . . . 43 . . . Maximum Alert Level 1 | . 1 . . . . . . . . . . . . . Low Security (%) 96 | 100 79 100 . 100 100 100 . . . . 100 . . . Level 1 3 | . 20 . . . . . . . . . . . . . Level 2 . | . . . . . . . . . . . . . . . Level 3 . | . . . . . . . . . . . . . . . Level 4 . | . . . . . . . . . . . . . . . Level 5 . | . . . . . . . . . . . . . . . High Security . | . . . . . . . . . . . . . . . Max Security . | . . . . . . . . . . . . . . . Squads Dispatched 6 | . . . . . 2 4 . . . . . . . . Investigation 1 | . . . . . . 1 . . . . . . . . Extermination 2 | . . . . . . 2 . . . . . . . . Reinforcement 2 | . . . . . 1 1 . . . . . . . . Assault . | . . . . . . . . . . . . . . . Garrison 1 | . . . . . 1 . . . . . . . . . Intercept . | . . . . . . . . . . . . . . . Searches Triggered . | . . . . . . . . . . . . . . . Construction Impeded . | . . . . . . . . . . . . . . . Haulers Reinforced 1 | . . . . . . 1 . . . . . . . . Active Scanning Responses . | . . . . . . . . . . . . . . . Cargo Convoy Interrupts . | . . . . . . . . . . . . . . . Stealth | -11 -10 -10 -10 -9 -8 -7 -7 -7 -7 -6 -6 -6 -6 -6 --------- Run | Jun Mat Min Exi Min Mat Fac Low Low Dat Pro Fac Low Low Zio Distress Signals 2 | . 1 . . . 1 . . . . . . . . . Communications Jammed . | . . . . . . . . . . . . . . . Distress Signals . | . . . . . . . . . . . . . . . Times Spotted 103 | . 14 2 . . 6 6 7 1 . 3 5 4 3 52 Peak Tracking Total 20 | . 5 2 . . 5 4 3 . . 1 5 4 3 20 Tactical Retreats 7 | . . . . . . 1 . . . . . . . 6 Traps | -11 -10 -10 -10 -9 -8 -7 -7 -7 -7 -6 -6 -6 -6 -6 ------- Run | Jun Mat Min Exi Min Mat Fac Low Low Dat Pro Fac Low Low Zio Traps Triggered 3 | . 2 . . . . 1 . . . . . . . . Indirectly . | . . . . . . . . . . . . . . . Trap Hack Attempts . | . . . . . . . . . . . . . . . Triggered . | . . . . . . . . . . . . . . . Disarmed . | . . . . . . . . . . . . . . . Reprogrammed . | . . . . . . . . . . . . . . . Reused . | . . . . . . . . . . . . . . . Traps Extracted . | . . . . . . . . . . . . . . . Installed . | . . . . . . . . . . . . . . . Triggered 1 | . . . . . . . 1 . . . . . . . Exploded 1 | . . . . . . . . . . . . . . 1 Machines | -11 -10 -10 -10 -9 -8 -7 -7 -7 -7 -6 -6 -6 -6 -6 ---------- Run | Jun Mat Min Exi Min Mat Fac Low Low Dat Pro Fac Low Low Zio Machines Disabled 4 | . 1 1 . . 2 . . . . . . . . . Max in Single Turn 1 | . 1 1 . . . . . . . . . . . . Machines Repaired . | . . . . . . . . . . . . . . . Machines Sabotaged . | . . . . . . . . . . . . . . . Overloaded Fab Kills . | . . . . . . . . . . . . . . . Hacking | -11 -10 -10 -10 -9 -8 -7 -7 -7 -7 -6 -6 -6 -6 -6 --------- Run | Jun Mat Min Exi Min Mat Fac Low Low Dat Pro Fac Low Low Zio Machines Accessed 10 | . 2 . 2 1 . . . . 4 . . 1 . . Terminals 2 | . 2 . . . . . . . . . . . . . Fabricators . | . . . . . . . . . . . . . . . Repair Stations . | . . . . . . . . . . . . . . . Recycling Units . | . . . . . . . . . . . . . . . Scanalyzers . | . . . . . . . . . . . . . . . Garrison Access . | . . . . . . . . . . . . . . . Total Hacks 43 | . 9 . 2 1 . . . . 30 . . 1 . . Successful 37 | . 3 . 2 1 . . . . 30 . . 1 . . Failed 6 | . 6 . . . . . . . . . . . . . Catastrophic 3 | . 3 . . . . . . . . . . . . . Database Lockouts . | . . . . . . . . . . . . . . . Manual 9 | . 8 . 1 . . . . . . . . . . . Terminals 9 | . 9 . . . . . . . . . . . . . Fabricators . | . . . . . . . . . . . . . . . Repair Stations . | . . . . . . . . . . . . . . . Recycling Units . | . . . . . . . . . . . . . . . Scanalyzers . | . . . . . . . . . . . . . . . Garrison Access . | . . . . . . . . . . . . . . . Terminal Hacks 36 | . 2 . 2 1 . . . . 30 . . 1 . . Record 12 | . . . 1 . . . . . 11 . . . . . Part Schematic 11 | . . . . . . . . . 11 . . . . . Robot Schematic 5 | . . . . . . . . . 5 . . . . . Prototype ID Bank 3 | . . . . . . . . . 3 . . . . . Open Door 2 | . . . . 1 . . . . . . . 1 . . Registered Components 1 | . 1 . . . . . . . . . . . . . Registered Prototypes 1 | . 1 . . . . . . . . . . . . . EX-Prototype ID Bank 1 | . . . 1 . . . . . . . . . . . Fabricator Hacks . | . . . . . . . . . . . . . . . Repair Station Hacks . | . . . . . . . . . . . . . . . Recycling Unit Hacks . | . . . . . . . . . . . . . . . Scanalyzer . | . . . . . . . . . . . . . . . Garrison Access Hacks . | . . . . . . . . . . . . . . . Unauthorized Hacks 1 | . 1 . . . . . . . . . . . . . Terminals 1 | . 1 . . . . . . . . . . . . . Botnet 1 | . 1 . . . . . . . . . . . . . Fabricators . | . . . . . . . . . . . . . . . Repair Stations . | . . . . . . . . . . . . . . . Recycling Units . | . . . . . . . . . . . . . . . Scanalyzers . | . . . . . . . . . . . . . . . Garrison Access . | . . . . . . . . . . . . . . . Data Cores Recovered . | . . . . . . . . . . . . . . . Used . | . . . . . . . . . . . . . . . Hacking Detections 2 | . 2 . . . . . . . . . . . . . Full Trace Events . | . . . . . . . . . . . . . . . Feedback Events . | . . . . . . . . . . . . . . . Feedback Blocked . | . . . . . . . . . . . . . . . Robot Schematics Acquired 5 | . . . . . . . . . 5 . . . . . Robots Built . | . . . . . . . . . . . . . . . Authchips . | . . . . . . . . . . . . . . . Time . | . . . . . . . . . . . . . . . Total Robot Build Rating . | . . . . . . . . . . . . . . . Part Schematics Acquired 11 | . . . . . . . . . 11 . . . . . Parts Built . | . . . . . . . . . . . . . . . Authchips . | . . . . . . . . . . . . . . . Time . | . . . . . . . . . . . . . . . Total Part Build Rating . | . . . . . . . . . . . . . . . Parts Repaired . | . . . . . . . . . . . . . . . Time . | . . . . . . . . . . . . . . . Parts Recycled . | . . . . . . . . . . . . . . . Recycled Matter . | . . . . . . . . . . . . . . . Retrieved Matter . | . . . . . . . . . . . . . . . Retrieved Components . | . . . . . . . . . . . . . . . Parts Scanalyzed . | . . . . . . . . . . . . . . . Part Schematics Acquired . | . . . . . . . . . . . . . . . Parts Damaged . | . . . . . . . . . . . . . . . Bothacking | -11 -10 -10 -10 -9 -8 -7 -7 -7 -7 -6 -6 -6 -6 -6 ------------ Run | Jun Mat Min Exi Min Mat Fac Low Low Dat Pro Fac Low Low Zio Used RIF Installer . | . . . . . . . . . . . . . . . Robots Hacked . | . . . . . . . . . . . . . . . Non-combat . | . . . . . . . . . . . . . . . Combat . | . . . . . . . . . . . . . . . Robot Hacks Applied . | . . . . . . . . . . . . . . . Relay Couplers Released . | . . . . . . . . . . . . . . . Fabnet Peak Effective % . | . . . . . . . . . . . . . . . Robots Rewired 1 | . . . . . . 1 . . . . . . . . Allies Hacked . | . . . . . . . . . . . . . . . Hacks Repelled . | . . . . . . . . . . . . . . . Allies | -11 -10 -10 -10 -9 -8 -7 -7 -7 -7 -6 -6 -6 -6 -6 -------- Run | Jun Mat Min Exi Min Mat Fac Low Low Dat Pro Fac Low Low Zio Total Allies 6 | . . . . 2 . 1 . . . 1 . 2 . . Largest Group 2 | . . . . 2 2 1 . . . 1 1 2 . . Highest-Rated Group 96 | . . . . 43 43 16 . . . 96 96 62 . . Highest-Rated Ally 96 | . . . . 31 31 16 . . . 96 96 31 . . Total Orders . | . . . . . . . . . . . . . . . Ally Attacks 48 | . . . . . 29 . . . . 6 2 . . 11 Total Damage 622 | . . . . . 339 . . . . 146 88 . . 49 Kills 9 | . . . . . 4 . . . . 3 1 . . 1 Allies Corrupted . | . . . . . . . . . . . . . . . Allies Melted . | . . . . . . . . . . . . . . . Intel | -11 -10 -10 -10 -9 -8 -7 -7 -7 -7 -6 -6 -6 -6 -6 ------- Run | Jun Mat Min Exi Min Mat Fac Low Low Dat Pro Fac Low Low Zio Robot Analysis Total . | . . . . . . . . . . . . . . . Derelict Logs Recovered 8 | . . 1 . . . . 1 1 . 1 . 2 1 1 Drone Launches 4 | . . . . . . . . . . . . . . 4 Drone Recoveries 2 | . . . . . . . . . . . . . . 2 Exploration | -11 -10 -10 -10 -9 -8 -7 -7 -7 -7 -6 -6 -6 -6 -6 ------------- Run | Jun Mat Min Exi Min Mat Fac Low Low Dat Pro Fac Low Low Zio Turns Passed 7577 | 75 490 635 451 216 295 780 733 602 103 417 190 490 524 1576 Spaces Moved 4627 | 52 209 318 236 111 165 356 449 494 87 335 88 370 353 1004 Core 45 | 2 . . . . . . . . . . . . . 43 Treads 1 | . . . . . . . . . . . . . . 1 Legs 1856 | 50 209 318 236 111 165 356 329 . . . . . . 82 Wheels 2725 | . . . . . . . 120 494 87 335 88 370 353 878 Hover . | . . . . . . . . . . . . . . . Flight . | . . . . . . . . . . . . . . . Fastest Speed 50 | 50 120 190 190 190 126 126 115 115 115 115 115 130 130 100 Average Speed 144 | 117 165 190 190 190 135 169 147 115 115 115 125 130 137 139 Slowest Speed 240 | 120 190 190 190 190 190 200 200 115 115 115 130 130 145 240 Overloaded Moves . | . . . . . . . . . . . . . . . Propulsion Burnouts . | . . . . . . . . . . . . . . . Robots Hopped . | . . . . . . . . . . . . . . . Cave-ins Triggered . | . . . . . . . . . . . . . . . Exploration Rate (%) 46 | 4 43 54 60 31 22 8 66 75 68 60 3 59 56 85 Regions Visited 14 Branch Regions 10 Pre-discovered Areas 4 | . . . 1 . . . . . 1 . . 1 1 . Known Exits Taken 2 | . . . . . . . 1 . . . 1 . . . Unknown Exits Taken 12 | 1 1 1 1 1 1 1 . 1 1 1 . 1 1 . Scrap Searched 22 | . . . . . . . 3 3 . 2 . 1 10 3 Spaces Dug 6 | . . . . . . 6 . . . . . . . . Terrain Destroyed 25 | . . . . . . 9 4 . . . . 6 4 2 Melee . | . . . . . . . . . . . . . . . Projectile 17 | . . . . . . 9 4 . . . . . 4 . AOE 8 | . . . . . . . . . . . . 6 . 2 Terrain Rammed . | . . . . . . . . . . . . . . . Walls Destroyed . | . . . . . . . . . . . . . . . Machines Disabled . | . . . . . . . . . . . . . . . Actions | -11 -10 -10 -10 -9 -8 -7 -7 -7 -7 -6 -6 -6 -6 -6 --------- Run | Jun Mat Min Exi Min Mat Fac Low Low Dat Pro Fac Low Low Zio Total 5253 | 63 289 335 239 119 218 492 498 528 90 363 150 376 376 1117 Wait 251 | . 37 6 . . 32 50 24 27 . 23 46 3 . 3 Move 4613 | 51 208 317 235 110 164 355 448 493 86 334 87 369 352 1004 Hop . | . . . . . . . . . . . . . . . Pick Up 55 | 6 6 3 3 2 4 6 3 2 . . 1 . 1 18 Fast Attach 40 | 6 3 . . . 1 6 2 1 2 . 2 . 4 13 Attach 19 | . 1 . 1 . 3 1 1 . . . . . 1 11 Detach 3 | . . . . . 1 . 1 . . . . . . 1 Swap 26 | . 1 1 . 2 2 2 2 1 . 2 2 2 3 6 Drop 55 | . 1 1 . 5 2 10 5 3 2 2 3 . 6 15 Fire 150 | . 31 7 . . 9 26 12 1 . 2 9 2 9 42 Melee 4 | . . . . . . . . . . . . . . 4 Ram . | . . . . . . . . . . . . . . . Kick 1 | . 1 . . . . . . . . . . . . . Crush . | . . . . . . . . . . . . . . . Escape Stasis . | . . . . . . . . . . . . . . . Rewire 36 | . . . . . . 36 . . . . . . . . Trap . | . . . . . . . . . . . . . . . Miscellaneous . | . . . . . . . . . . . . . . . Route ------- -11/Junkyard -10/Materials (discovered 2 exits: [*Min x2]) -10/Mines (discovered 2 exits: [*Mat] / *Exi) -10/Exiles -9/Mines -8/Materials -7/Factory -7/Lower Caves -7/Lower Caves -7/Data Miner -6/Proximity Caves -6/Factory (discovered 2 exits: [*Fac] / *Low) -6/Lower Caves -6/Lower Caves (discovered 2 exits: [*Fac] / [*Zio]) -6/Zion (discovered 2 exits: Dee / [*Pro]) History --------- Turn | Location | Event 5 | -11/Junkyard | Discovered new exit (range 15) 76 | -11/Junkyard | Entered Materials 188 | -10/Materials | Discovered new exit (range 10) 307 | -10/Materials | Discovered new exit (range 12) 318 | -10/Materials | Build established: Mutant 566 | -10/Materials | Entered Mines 572 | -10/Mines | Met a Derelict bent on vengeance 620 | -10/Mines | Discovered new exit (range 9) 635 | -10/Mines | Learned Materials emergency access door positions 672 | -10/Mines | Assembled infested the area 1191 | -10/Mines | Deemed a non-threat by the Exiles lab entrance 1193 | -10/Mines | Discovered new exit (range 5) 1201 | -10/Mines | Entered Exiles 1255 | -10/Exiles | Met 8R-AWN 1284 | -10/Exiles | Met EX-HEX 1337 | -10/Exiles | Met EX-BIN 1360 | -10/Exiles | Aligned with FarCom system 1362 | -10/Exiles | Given EX-Vault access code 1408 | -10/Exiles | Opened EX-Vault 1421 | -10/Exiles | Found Superbattery 1462 | -10/Exiles | Warned to stay clear of 0b10 Research branches 1517 | -10/Exiles | Met EX-DEC 1527 | -10/Exiles | Learned location of Zion (-6) 1625 | -10/Exiles | Discovered new exit (range 14) 1652 | -10/Exiles | Left Exiles lab with Superbattery 1652 | -10/Exiles | Entered Mines 1671 | -9/Mines | Found the Drone Emporium 1684 | -9/Mines | Found Prototype Device 1722 | -9/Mines | Received a Rocket Launcher from a helpful Derelict 1859 | -9/Mines | Discovered new exit (range 5) 1868 | -9/Mines | Entered Materials 1868 | -8/Materials | Accompanied by 2 allies 1868 | -8/Materials | Evolved 4 slots: Propulsion x1, Utility x3 1870 | -8/Materials | Identified Thief Drone Bay 1873 | -8/Materials | Led the pair of lost Derelicts to an unsafe place 2107 | -8/Materials | Discovered new exit (range 5) 2153 | -8/Materials | Garrison activated, responded to threat 2163 | -8/Materials | Entered Factory 2163 | -7/Factory | Evolved 2 slots: Utility x2 2300 | -7/Factory | Build established: Scavenger-Skirmisher 2825 | -7/Factory | Build established: Skirmisher 2893 | -7/Factory | Discovered new exit (range 8) 2943 | -7/Factory | Entered Lower Caves 3094 | -7/Lower Caves | Encountered a Warlord checkpoint 3155 | -7/Lower Caves | Build established: Mutant 3440 | -7/Lower Caves | Attracted the attention of an 0b10 checkpoint 3609 | -7/Lower Caves | Identified exit to Lower Caves 3676 | -7/Lower Caves | Entered another Lower Caves area 4003 | -7/Lower Caves | Build established: Derelict-Mutant 4260 | -7/Lower Caves | Discovered new exit (range 15) 4278 | -7/Lower Caves | Entered Data Miner 4278 | -7/Data Miner | Discovered new exit (range 6) 4301 | -7/Data Miner | Met Data Miner 4327 | -7/Data Miner | Learned location of Section 7 (-2) 4327 | -7/Data Miner | Acquired the access code to Warlord's prototype stash 4340 | -7/Data Miner | Received God Mode back door access code from Data Miner 4381 | -7/Data Miner | Entered Proximity Caves 4472 | -6/Proximity Caves | Escorted by Enhanced Grunt 4511 | -6/Proximity Caves | Learned Factory emergency access door positions 4787 | -6/Proximity Caves | Discovered new exit (range 5) 4798 | -6/Proximity Caves | Entered Factory 4798 | -6/Factory | Accompanied by 1 ally 4798 | -6/Factory | Evolved 2 slots: Power x1, Utility x1 4799 | -6/Factory | Identified exit to Lower Caves 4972 | -6/Factory | Discovered new exit (range 8) 4988 | -6/Factory | Entered Lower Caves 5144 | -6/Lower Caves | A Commander dispatched an escort 5379 | -6/Lower Caves | Learned location of Extension (-6) 5443 | -6/Lower Caves | Discovered new exit (range 12) 5448 | -6/Lower Caves | Learned Factory terminal intel 5478 | -6/Lower Caves | Entered another Lower Caves area 5478 | -6/Lower Caves | Accompanied by 2 allies 5479 | -6/Lower Caves | Commander's escort returned to base 5479 | -6/Lower Caves | Commander's escort returned to base 5603 | -6/Lower Caves | Discovered new exit (range 14) 5994 | -6/Lower Caves | Discovered new exit (range 5) 6002 | -6/Lower Caves | Entered Zion 6121 | -6/Zion | Found CR-A16's Pointy Stick 6141 | -6/Zion | Discovered new exit (range 13) 6325 | -6/Zion | Visited the Megawrench Repair Shop 6325 | -6/Zion | Megawrench repaired 13 parts 6458 | -6/Zion | Identified exit to Deep Caves 6560 | -6/Zion | Rebuked by Imprinter 6891 | -6/Zion | Learned Factory emergency access door positions 7245 | -6/Zion | Attacked by Zionites 7389 | -6/Zion | System corruption reached 10% 7425 | -6/Zion | Lost 8 parts (1p1n4u2w) 7524 | -6/Zion | Core integrity fell below 50% 7551 | -6/Zion | Core integrity fell below 20% 7578 | -6/Zion | Destroyed by X4-9KX(M) with Barrage Gun Last Messages --------------- 07566_ Thief Drone retrieved by Thief Drone Bay. 07567_ OE-WOY(z) heat spikes uncontrollably. 07567_ OE-WOY(z) overheating. 07567_ JJ-1UA(m) repairs 8W-QL5(M). 07568_ OE-WOY(z) heat damages Flexi-carbon Leg. 07568_ OE-WOY(z) overheating. 07570_ Dropped Superbattery. 07571_ Extracted 72 energy. 07571_ OE-WOY(z) heat short circuits Flexi-carbon Leg. 07571_ OE-WOY(z) overheating. 07571_ Destroyed Broken Mak. Laser. 07571_ OE-WOY(z) destroyed. 07572_ Extracted 19 energy. 07575_ WV1NTG&OSIAF&/